AoeStats
← EXILE | Claire Redfield

Arabia

508931025Analyzed
1v1 RM · 7d ago on Sep 24, 2026· 16m 17s· 2 players
Game mode
Random Map
Map size
Tiny (2 player)
Population
200
Speed
Normal
Resources
Standard
Victory
Conquest
Starting age
Dark Age
Ending age
Imperial Age
RankedLock teamsTeams togetherTeam positionsShared explorationLock speedFull tech treeHidden civsTurbo modeCheats
Victory
Defeat
1076
+16
🇳🇱 Maya · Netherlands
1079
-16
EXILE | Claire Redfield
6:38 Loom
9:41 Feudal Age
13:25 Bloodlines
14:25 Scale Barding Armor
15:38 Forging
kajdruun
0:26 Loom
9:58 Feudal Age
11:09 Double-Bit Axe
Connection lost

Rejoining the realm…

Still unreachable

The connection could not be restored.

Session expired

The server has moved on; the page needs a fresh start.